 Dungeon Crawl Stone Soup version 0.26-a0-665-gefeb406119 (console) character file.

Game seed: 104496683255178497

45677 om the Spry (level 14, 0/110 HPs)
             Began as a Minotaur Fighter on Oct 15, 2020.
             Was the Champion of Okawaru.
             Slain by a reaper
             ... wielding a +1 scythe of freezing
              (2 damage)
             ... in an ice cave.
             The game lasted 00:38:41 (19800 turns).

om the Spry (Minotaur Fighter)                     Turns: 19800, Time: 00:38:42

Health: 0/110      AC: 32    Str: 23    XL:     14   Next: 2%
Magic:  21/26      EV: 17    Int:  6    God:    Okawaru [******]
Gold:   2505       SH: 12    Dex: 12    Spells: 13/13 levels left

rFire    . . .     SeeInvis +   a - +0 war axe
rCold    + . .     Faith    .   o - +0 buckler
rNeg     . . .     Spirit   .   G - +2 plate armour {rPois}
rPois    +         Reflect  +   K - +1 hat of the Orcish Mines {*Contam MR++}
rElec    .         Harm     .   v - +2 cloak of the Thief {*Fog Slay-2 SInv Stlth+}
rCorr    .         Rampage  .   g - +2 pair of gloves {archery}
MR       +++..                  (no boots)
Stlth    ..........             W - amulet of reflection
HPRegen  0.28/turn              z - ring of protection from cold
MPRegen  0.20/turn              E - ring of Ceroamam {MP+9 AC+4 Slay+3}

@: heroism, finesse, very slightly contaminated, invisible
A: retaliatory headbutt, horns 2
a: Heroism, Finesse, Renounce Religion


You were in an ice cave.
You worshipped Okawaru.
Okawaru was exalted by your worship.
You visited 4 branches of the dungeon, and saw 19 of its levels.
You also visited: Trove, Sewer, Bailey and Ice Cave.

You collected 2748 gold pieces.
You spent 243 gold pieces at shops.

Inventory:

Hand Weapons
 a - a +0 war axe (weapon)
 b - a +2 shortbow of freezing
 H - the +5 arbalest "Minkoet" {venom, *Drain rPois rC+, unknown}
   (You found it in a treasure trove)

   It poisons the ammo it fires.
   It protects you from cold.
   It protects you from poison.
   It causes draining when unequipped.
 L - the +1 fustibalus "Zauner" {venom, *Contam rPois Int+3 Dex+3, unknown}
   (You found it in a treasure trove)

   It poisons the ammo it fires.
   It affects your intelligence (+3).
   It affects your dexterity (+3).
   It protects you from poison.
   It causes magical contamination when unequipped.
 R - a +2 trident of venom
 T - a +3 executioner's axe of freezing
Missiles
 B - 6 atropa-tipped darts (quivered)
 I - 216 arrows
 M - 21 sling bullets
Armour
 g - a +2 pair of gloves of archery (worn)
 i - a +2 pair of gloves
 m - the +7 plate armour of Ebluihemn {Harm *Corrode rPois SInv}
   (You found it in a treasure trove)

   It protects you from poison.
   It lets you see invisible.
   It may corrode you when you take damage.
   It increases damage dealt and taken.
 o - a +0 buckler (worn)
 t - a +0 hat of magic resistance
 v - the +2 cloak of the Thief (worn) {*Fog Slay-2 SInv Stlth+}
   (You bought it in a shop on level 4 of the Dungeon)

   It affects your accuracy and damage with ranged weapons and melee attacks
   (-2).
   It lets you see invisible.
   It makes you more stealthy.
 G - a +2 plate armour of poison resistance (worn)
 K - the +1 hat of the Orcish Mines (worn) {*Contam MR++}
   (Okawaru gifted it to you on level 11 of the Dungeon)

   It affects your resistance to hostile enchantments.
   It causes magical contamination when unequipped.
Jewellery
 c - an uncursed ring of fire
 e - the amulet "Aci Yci" {Faith *Slow rPois MP+9 Stlth+, unknown}
   (You found it in a treasure trove)

   [amulet of faith]

   It allows you to gain divine favour quickly.
   It protects you from poison.
   It affects your magic capacity (+9).
   It may slow you when you take damage.
   It makes you more stealthy.
 l - an uncursed ring of positive energy
 u - a +4 ring of evasion
 z - a ring of protection from cold (left hand)
 E - the ring of Ceroamam (right hand) {MP+9 AC+4 Slay+3}
   (You found it on level 7 of the Dungeon)

   [ring of protection]

   It affects your AC (+4).
   It affects your accuracy and damage with ranged weapons and melee attacks
   (+3).
   It affects your magic capacity (+9).
 W - an amulet of reflection (around neck)
Wands
 d - a wand of paralysis (8)
 p - a wand of flame (17)
 y - a wand of digging (7)
 J - a wand of acid (20)
Scrolls
 f - a scroll of fog
 h - 6 scrolls of teleportation
 k - 3 scrolls of enchant weapon
 w - 2 scrolls of enchant armour
 x - 3 scrolls of remove curse
 A - 3 scrolls of magic mapping
 F - a scroll of vulnerability
 P - a scroll of immolation
 S - a scroll of amnesia
Potions
 j - a potion of cancellation
 n - 7 potions of curing
 q - 3 potions of invisibility
 r - 2 potions of flight
 C - 2 potions of magic
 O - 2 potions of haste
 Q - a potion of resistance {unknown}
Miscellaneous
 D - a tin of tremorstones (3/3)
 N - a condenser vane (2/2)


   Skills:
 - Level 6.0(11.0) Fighting
 - Level 10.0(15.0) Axes
 - Level 10.0(15.0) Bows
 * Level 12.3(17.3) Armour
 - Level 16.2(21.2) Dodging
 + Level 6.8(11.8) Shields
 - Level 6.0 Invocations
 - Level 6.0 Evocations


You had 13 spell levels left.
You didn't know any spells.
Your spell library contained the following spells:

 Spells                   Type           Power        Failure   Level
 Foxfire                  Conj/Fire      #...         98%         1
 Summon Small Mammal      Summ           #...         98%         1
 Corpse Rot               Necr/Air       N/A          99%         2
 Sublimation of Blood     Necr           #.........   99%         2
 Conjure Flame            Conj/Fire      #.......     100%        3
 Inner Flame              Hex/Fire       #.......     100%        3
 Dispel Undead            Necr           #.......     100%        4
 Ice Form                 Ice/Tmut       #.......     100%        4
 Sticky Flame             Conj/Fire      #.......     100%        4
 Agony                    Necr           #.......     100%        5
 Excruciating Wounds      Necr           #.........   100%        5
 Fireball                 Conj/Fire      #.........   100%        5
 Metabolic Englaciation   Hex/Ice        #.........   100%        5
 Eringya's Noxious Bog    Tmut/Pois      #.........   100%        6
 Freezing Cloud           Conj/Ice/Air   #.........   100%        6
 Ozocubu's Refrigeration  Ice            #.........   100%        6
 Shadow Creatures         Summ           N/A          100%        6
 Simulacrum               Ice/Necr       #.........   100%        6
 Summon Hydra             Summ           #.........   100%        7


Dungeon Overview and Level Annotations

Branches:
Dungeon (14/15)            Temple (1/1) D:4            Lair (3/6) D:9
    Orc (1/2) D:12         Vaults (0/5) D:13          Sewer (visited)
 Bailey (visited)           IceCv (1/1)
  Swamp: Lair:2-4    Shoals: Lair:2-4     Snake: Lair:2-4    Spider: Lair:2-4

Altars:
Ashenzari
Cheibriados
Dithmenos
Elyvilon
Fedhas
Gozag
Hepliaklqana
Kikubaaqudgha
Makhleb
Nemelex Xobeh
Okawaru
Qazlal
Ru
Sif Muna
Trog
Uskayaw
Vehumet
Wu Jian
Xom
Yredelemnul
Zin
The Shining One

Shops:
D:4 *   D:5 [

Annotations:
D:12 3 runed translucent doors, Nyg Tys's ghost, journeyman MiBe
D:14 Nessos


Innate Abilities, Weirdness & Mutations

You reflexively headbutt those who attack you in melee.
You have a pair of horns on your head.


Message History

The reaper is severely wounded.
You slash the ice devil!
The ice devil hits you but does no damage.
You barely miss the reaper. You headbutt the reaper!
The reaper is severely wounded.
You hit the ice devil.
The reaper hits you with a +1 scythe of freezing!!
* * * LOW HITPOINT WARNING * * *
With a swish of your cloak, you release a cloud of fog.
The reaper freezes you.
* * * LOW HITPOINT WARNING * * *
You slash the reaper!
The reaper is almost dead.
You hit the ice devil. The ice devil misses you. You furiously retaliate!
You headbutt the ice devil.
You can now deal lightning-fast blows.
The ice devil closely misses you.
The reaper hits you with a +1 scythe of freezing!!
* * * LOW HITPOINT WARNING * * *
The reaper freezes you.
You die...

##..###### ##......#
#### #.......# ##.....##
#### #....## ##...##
##..## ##.....# #...##
#......## ##...#
#....§§§# #..##
#...##§§## #...#### #
#2.§§# ##..#§§## ##@#§§#
#..#§°§## #..#.#§4##§##
#...§§.§# .....§§°☼#§°#
#...##.☼## ......§§§○§.#
#..###.§.# .####...#.°○#
##.#.##..# .....#.§§#
##....#..#
......#.§§###....##..#
...#..###§§○§##....#..##
#..#.##§§§§..##...##..#
#. #.#§..°§#○☼##..#..##
☼§○☼§§###..####..#


You could see a reaper and an ice devil.

Vanquished Creatures
  2 orc warlords (Orc:1)
  A hydra (Lair:2)
  4 vault guards
  2 centaur warriors (D:13)
  A death knight (D:13)
  3 two-headed ogres
  Erica (D:11)
  A tengu warrior (D:13)
  5 skeletal warriors
  2 unseen horrors
  3 ugly things
  A cyclops (D:13)
  2 manticores
  A cane toad (Lair:2)
  A gargoyle (D:11)
  2 ice statues (IceCv)
  2 komodo dragons
  2 kobold demonologists (D:11)
  2 rime drakes (Lair:2)
  4 yaktaurs (D:14)
  7 ice devils (IceCv)
  4 trolls
  A polar bear (Lair:1)
  A hornet (D:12)
  3 blink frogs (Lair:3)
  4 slime creatures (D:12)
  2 shadows (D:14)
  A vampire (D:11)
  4 wraiths
  4 wyverns
  34 yaks
  3 basilisks
  Grum (Lair:1)
  A steam dragon (Lair:2)
  Menkaure (D:6)
  A warg (Orc:1)
  An acid dragon (D:13)
  A soldier ant (D:13)
  9 water moccasins
  3 ice beasts
  17 orc warriors
  7 black bears
  3 eyes of draining
  2 necrophages
  7 ogres
  2 sky beasts
  5 phantoms
  13 wolves
  10 centaurs
  2 big kobolds (D:11)
  12 bullfrogs
  8 gnoll sergeants (Bailey)
  4 scorpions
  7 killer bees
  13 wights
  6 howler monkeys
  A quasit (D:13)
  7 centaur skeletons
  7 hounds
  3 jellies
  A centaur zombie (D:9)
  13 orc priests
  11 orc wizards
  2 bullfrog skeletons
  6 gnoll shamans (Bailey)
  4 iguanas
  11 worker ants
  A hound zombie (D:10)
  2 hound skeletons
  Robin (D:4)
  3 worker ant zombies
  19 gnolls
  11 adders
  3 shadow imps
  11 white imps
  6 ufetubi
  An ooze (D:5)
  2 adder zombies
  2 adder skeletons (D:4)
  2 worms (D:2)
  3 dart slugs
  5 leopard geckos
  64 orcs
  A ball python (D:6)
  8 giant cockroaches
  11 goblins
  11 hobgoblins
  16 jackals
  6 quokkas
  9 bats
  8 frilled lizards
  14 kobolds
  A quokka skeleton (D:5)
  12 rats
545 creatures vanquished.

Vanquished Creatures (others)
  An unseen horror (D:11)
  3 white imps (IceCv)
  7 ufetubi (IceCv)
  A quokka (D:9)
  8 fungi
  20 plants
40 creatures vanquished.

Grand Total: 585 creatures vanquished

Notes
Turn   | Place    | Note
-------+----------+-------------------------------------------
     0 | D:1      | om the Minotaur Fighter began the quest for the Orb.
     0 | D:1      | Reached XP level 1. HP: 19/19 MP: 0/0
   520 | D:1      | Reached XP level 2. HP: 27/27 MP: 1/1
  1152 | D:2      | Found a shimmering blue altar of Sif Muna.
  1207 | D:2      | Reached XP level 3. HP: 33/33 MP: 2/2
  1944 | D:3      | Reached XP level 4. HP: 40/40 MP: 3/3
  2184 | D:3      | Reached skill level 5 in Axes
  2258 | D:3      | Found a glowing drain.
  2269 | Sewer    | Entered a sewer
  2346 | Sewer    | Noticed a water moccasin
  2354 | Sewer    | Killed a water moccasin
  2354 | Sewer    | Reached skill level 5 in Fighting
  2354 | Sewer    | Reached XP level 5. HP: 34/48 MP: 2/4
  2573 | D:3      | Reached XP level 6. HP: 37/56 MP: 3/5
  3093 | D:4      | Noticed Robin
  3113 | D:4      | Killed Robin
  3131 | D:4      | Reached XP level 7. HP: 63/63 MP: 4/6
  3329 | D:4      | Noticed a moth of wrath
  3332 | D:4      | Found a bloodstained altar of Trog.
  3567 | D:4      | Found Simpag's General Store.
  3572 | D:4      | Bought a scroll of identify for 22 gold pieces
  3830 | D:4      | Found a staircase to the Ecumenical Temple.
  3941 | Temple   | Entered the Ecumenical Temple
  4136 | Temple   | Became a worshipper of Warmaster Okawaru
  4197 | D:5      | Entered Level 5 of the Dungeon
  4451 | D:5      | Reached * piety under Okawaru
  4567 | D:5      | Reached skill level 10 in Axes
  4567 | D:5      | Reached XP level 8. HP: 34/70 MP: 2/7
  5104 | D:5      | Reached skill level 1 in Dodging
  5217 | D:5      | Reached skill level 2 in Dodging
  5302 | D:5      | Found Wiukkegapy's Antique Armour Boutique.
  5363 | D:4      | Bought the +2 cloak of the Thief {*Fog Slay-2 SInv Stlth+}
                  | for 221 gold pieces
  5363 | D:4      | Found the +2 cloak of the Thief {*Fog Slay-2 SInv Stlth+}
  5612 | D:6      | Found an ancient bone altar of Kikubaaqudgha.
  5980 | D:6      | Found a sparkling altar of Nemelex Xobeh.
  5981 | D:6      | Found a sacrificial altar of Ru.
  5982 | D:6      | Found an opulent altar of Gozag.
  5983 | D:6      | Found a shadowy altar of Dithmenos.
  5999 | D:6      | Noticed Menkaure
  6004 | D:6      | Killed Menkaure
  6004 | D:6      | Reached skill level 4 in Dodging
  6231 | D:6      | Reached skill level 5 in Dodging
  6528 | D:7      | Found a flagged portal.
  6542 | D:7      | Found an opulent altar of Gozag.
  6550 | Bailey   | Entered a bailey
  6561 | Bailey   | Reached skill level 6 in Dodging
  7030 | Bailey   | Reached skill level 7 in Dodging
  7086 | Bailey   | Reached skill level 1 in Invocations
  7088 | Bailey   | Reached ** piety under Okawaru
  7100 | Bailey   | Reached XP level 9. HP: 48/75 MP: 2/9
  7341 | Bailey   | Reached skill level 8 in Dodging
  7993 | D:7      | Reached skill level 9 in Dodging
  8012 | D:7      | Reached *** piety under Okawaru
  8025 | D:7      | Reached skill level 5 in Invocations
  8236 | D:7      | Found a glowing silver altar of Zin.
  8354 | D:7      | Got a steaming marble ring
  8372 | D:7      | Noticed a purple ugly thing
  8382 | D:7      | Killed a purple ugly thing
  8382 | D:7      | Reached skill level 10 in Dodging
  8382 | D:7      | Reached XP level 10. HP: 65/83 MP: 8/13
  8395 | D:7      | Identified the Catalogue of Envenoming and Companions
  8566 | D:7      | Found a shimmering altar of Xom.
  8770 | D:7      | Reached **** piety under Okawaru
  8855 | D:8      | Reached skill level 11 in Dodging
  8997 | D:8      | Noticed a two-headed ogre
  9010 | D:8      | Killed a two-headed ogre
  9052 | D:8      | Reached skill level 12 in Dodging
  9137 | D:8      | Identified the ring of Ceroamam {MP+9 AC+4 Slay+3} (You
                  | found it on level 7 of the Dungeon)
  9230 | D:8      | Found a radiant altar of Vehumet.
  9280 | D:8      | Reached ***** piety under Okawaru
  9341 | D:8      | Noticed a two-headed ogre
  9350 | D:8      | Killed a two-headed ogre
  9562 | D:8      | Identified the +2 war axe of the Land of Plenty {vorpal,
                  | rC- MR++}
  9575 | D:8      | Reached skill level 13 in Dodging
  9810 | D:9      | Received a gift from Okawaru
  9831 | D:9      | Reached XP level 11. HP: 60/89 MP: 14/14
  9847 | D:9      | Got a warped hat {god gift}
  9853 | D:9      | Identified the +2 hat of the Stars {Harm rF++ Str-3 Int-5}
                  | (Okawaru gifted it to you on level 9 of the Dungeon)
  9853 | D:9      | Lost intelligence.
  9993 | D:9      | Found a staircase to the Lair.
 10164 | D:9      | Noticed a two-headed ogre
 10172 | D:9      | Killed a two-headed ogre
 10172 | D:9      | Reached skill level 14 in Dodging
 10275 | D:9      | Found a white marble altar of Elyvilon.
 10630 | D:10     | Entered Level 10 of the Dungeon
 11026 | D:10     | Reached skill level 15 in Dodging
 11125 | D:10     | Found a portal to a secret trove of treasure.
 11295 | D:11     | Noticed an unseen horror
 11301 | D:11     | Killed an unseen horror
 11533 | D:11     | Noticed Erica
 11548 | D:11     | Killed Erica
 11551 | D:11     | Received a gift from Okawaru
 11551 | D:11     | Reached skill level 16 in Dodging
 11936 | D:11     | Noticed an unseen horror
 11960 | D:11     | Killed an unseen horror
 12022 | D:11     | Noticed a soul eater
 12024 | D:11     | Reached skill level 5 in Armour
 12028 | D:11     | Reached XP level 12. HP: 70/96 MP: 15/15
 12216 | D:11     | Received a gift from Okawaru
 12223 | D:11     | Got a transparent hat {god gift}
 12229 | D:11     | Identified the +1 hat of the Orcish Mines {*Contam MR++}
                  | (Okawaru gifted it to you on level 11 of the Dungeon)
 12496 | D:12     | Found a staircase to the Orcish Mines.
 12634 | D:12     | Found a runed translucent gate.
 12634 | D:12     | Found a runed translucent gate.
 12675 | D:12     | Noticed a nine-headed hydra
 12675 | D:12     | Noticed Nyg Tys's ghost (journeyman MiBe)
 12677 | D:12     | Found a runed translucent gate.
 12677 | D:12     | Noticed an 11-headed hydra
 13036 | D:13     | Noticed a centaur warrior
 13052 | D:13     | Killed a centaur warrior
 13105 | D:13     | Reached skill level 1 in Bows
 13140 | D:13     | Found a gate to the Vaults.
 13140 | D:13     | Noticed a vault guard
 13140 | D:13     | Noticed a vault guard
 13140 | D:13     | Noticed a vault guard
 13141 | D:13     | Noticed a vault guard
 13141 | D:13     | Noticed a death knight
 13195 | D:13     | Killed a vault guard
 13198 | D:13     | Killed a vault guard
 13198 | D:13     | Reached skill level 10 in Armour
 13224 | D:12     | Killed a vault guard
 13224 | D:12     | Reached skill level 5 in Bows
 13515 | D:13     | Killed a vault guard
 13575 | D:13     | Killed a death knight
 13789 | D:13     | Noticed a centaur warrior
 13807 | D:13     | Killed a centaur warrior
 13807 | D:13     | Reached ****** piety under Okawaru
 13984 | D:12     | Reached skill level 1 in Evocations
 14229 | D:13     | Reached XP level 13. HP: 65/102 MP: 16/16
 14377 | D:13     | Received a gift from Okawaru
 15399 | D:14     | Received a gift from Okawaru
 15676 | D:14     | Noticed Nessos
 16120 | Lair:1   | Entered Level 1 of the Lair of Beasts
 16306 | Lair:1   | Noticed Grum
 16322 | Lair:1   | Killed Grum
 16438 | Lair:1   | Reached skill level 10 in Bows
 16486 | Lair:1   | Reached skill level 5 in Evocations
 17375 | Lair:2   | You fall into a shaft and drop 1 floor!
 17504 | Lair:2   | Reached skill level 5 in Shields
 17902 | D:10     | You paid a toll of 7 scrolls of blinking to enter a
                  | treasure trove
 17903 | Trove    | Entered a treasure trove
 17916 | Trove    | Got a fine tin amulet
 17930 | Trove    | Got a dazzling plate armour
 17945 | Trove    | Got an ichor-stained arbalest
 17948 | Trove    | Got a transparent fustibalus
 17961 | D:10     | Identified the +7 plate armour of Ebluihemn {Harm *Corrode
                  | rPois SInv} (You found it in a treasure trove)
 18044 | Orc:1    | Entered Level 1 of the Orcish Mines
 18135 | Orc:1    | Noticed an orc warlord
 18178 | Orc:1    | Killed an orc warlord
 18178 | Orc:1    | Received a gift from Okawaru
 18245 | Orc:1    | Noticed an orc warlord
 18339 | Orc:1    | Killed an orc warlord
 18405 | Orc:1    | Found a frozen archway.
 18414 | IceCv    | Entered an ice cave
 19597 | IceCv    | Reached XP level 14. HP: 90/110 MP: 17/17
 19770 | IceCv    | Noticed a reaper
 19800 | IceCv    | HP: 2/110 [reaper/+1 scythe of freezing (22)]
 19800 | IceCv    | Slain by a reaper

Illustrated notes

Levels and vault maps discovered:
D:1:      nicolae_arrival_washed_ashore, layout_loops_ring,
          grunt_decor_resistance, minmay_misc_feat_roman
D:2:      layout_loops_cross, overflow_temple_1_default
D:3:      layout_rooms, portal_sewer_entry_f
D:4:      layout_loops_ring, tgw_trog, minmay_temple_entry_statues,
          serial_shops, kennysheep_little_box, hex_medium, uniq_robin
D:5:      layout_loops_ring, serial_shops, shop
D:6:      layout_cave_pods, nicolae_overflow_crystal_walls,
          chequers_temple_overflow_statue_of_worship, uniq_menkaure
D:7:      minmay_the_grid_octo_triangle [minmay_the_grid_octo_horde,
          minmay_the_grid_octo_prize_single_spiral,
          minmay_the_grid_octo_odd_swirl], layout_gridville, marbit_many_paths,
          zin_academy, enter_bailey_2, basic_altar
D:8:      layout_loops_ring, lemuel_round_altar
D:9:      layout_basic, elyvilon_altar_4, minmay_lair_entry_grove
D:10:     layout_rooms, serial_rivers, chequers_serial_rivers_micro_a,
          chequers_serial_rivers_marsh, chequers_serial_rivers_small_b,
          chequers_serial_rivers_micro_c, enter_trove_2, evilmike_minifort
D:11:     layout_cave_pods, uniq_erica
D:12:     layout_rooms, orc_0_dummy, gammafunk_ghost_hydra_chop
D:13:     layout_basic, lightli_vaults_fourway_checkpoint
D:14:     layout_cave_pools, lemuel_tele_altar, uniq_nessos, uniq_roxanne
Temple:   minmay_temple_curvy_loop
Lair:1:   layout_layer_cave, beast_lair_carwin_11, uniq_grum
Lair:2:   layout_hall_layers, minivault_24, chequers_serial_rivers_micro_a,
          wad_woods_road_05, infiniplex_staircase_pool
Lair:3:   beast_lair_carwin_large_4, layout_cave_pods, minmay_swamp_entry_swarm,
          dummy_spider_entry
Orc:1:    layout_caves, portal_ice_cave_entry_ice_beasts, bh_open_orc_temple
IceCv:    ice_cave_small_demon

Skill      XL: |  1  2  3  4  5  6  7  8  9 10 11 12 13 |
---------------+----------------------------------------+-----
Axes           | 3 4 6 7 10 | 10.0
Fighting       | 4 5 6 |  6.0
Armour         | 4 5 10 12 | 12.3
Shields        | 4 6 |  6.8
Dodging        | 7 10 13 16 | 16.2
Invocations    | 1 6 |  6.0
Bows           | 8 10 | 10.0
Evocations     | 2 6 |  6.0

Action                   |  1- 3 |  4- 6 |  7- 9 | 10-12 | 13-15 || total
-------------------------+-------+-------+-------+-------+-------++-------
Melee: War axe           |   102 |   119 |   393 |   763 |   591 ||  1968
       Headbutt          |    14 |    27 |    79 |   187 |   153 ||   460
       Trident           |       |       |       |       |    67 ||    67
Invok: Heroism           |       |       |     5 |     8 |     7 ||    20
       Finesse           |       |       |       |       |     2 ||     2
Evoke: Wand              |       |       |       |     3 |    16 ||    19
  Use: Scroll            |     5 |     4 |    11 |     4 |     5 ||    29
       Potion            |       |     1 |     1 |     5 |     5 ||    12
 Stab: Paralysed         |       |       |       |       |     2 ||     2
       Invisible         |       |       |       |       |     2 ||     2
Armor: Scale mail        |    41 |    26 |       |       |       ||    67
       Ring mail         |       |    15 |    45 |       |       ||    60
       Plate armour      |       |       |   121 |   485 |   335 ||   941
Dodge: Dodged            |    22 |    45 |   276 |   485 |   437 ||  1265
Block: Kite shield       |    45 |    87 |    14 |       |       ||   146
       Buckler           |       |       |    91 |   174 |   243 ||   508
       Reflection        |       |       |       |       |     9 ||     9

Table legend: (Time is in decaauts)
 A = Elapsed time spent in this place.
 B = Non-inter-level travel time spent in this place.
 C = Inter-level travel time spent in this place.
 D = Time resting spent in this place.
 E = Time spent auto-exploring this place.
 F = Levels seen in this place.
 G = Mean time per level.
                   A        B        C        D        E       F      G
               +--------+--------+--------+--------+--------+-----+--------+
         Total |  19804 |  18856 |    948 |   4711 |   9839 |  23 |  861.0 |
       Dungeon |  14743 |  13891 |    852 |   2678 |   8117 |  14 | 1053.1 |
        Temple |    213 |    186 |     27 |      0 |    185 |   1 |  213.0 |
          Lair |   1643 |   1576 |     67 |    318 |    954 |   3 |  547.7 |
  Orcish Mines |    318 |    318 |      0 |      0 |     63 |   1 |  318.0 |
         Trove |     56 |     56 |      0 |      0 |      5 |   1 |   56.0 |
         Sewer |    287 |    287 |      0 |      4 |    208 |   1 |  287.0 |
        Bailey |   1166 |   1166 |      0 |    730 |    212 |   1 | 1166.0 |
      Ice Cave |   1374 |   1374 |      0 |    981 |     95 |   1 | 1374.0 |
               +--------+--------+--------+--------+--------+-----+--------+

Top non-repeatable levels by time:
    D:13: 2180 daAuts
   IceCv: 1374 daAuts
     D:5: 1342 daAuts
     D:4: 1261 daAuts
  Lair:1: 1197 daAuts
    D:11: 1176 daAuts
  Bailey: 1166 daAuts
     D:7: 1159 daAuts
    D:12: 1100 daAuts
     D:1: 1031 daAuts
     D:9: 991 daAuts
     D:2: 940 daAuts
     D:6: 934 daAuts
     D:8: 854 daAuts
    D:10: 851 daAuts
